 Dungeon Crawl Stone Soup version 0.28.0 (webtiles) character file.

Game seed: 3694325788630964539

8 Rizarjay the Chiller (level 1, 0/14 HPs)
             Began as a Demigod Ice Elementalist on Feb 15, 2022.
             Slain by a kobold (3 damage)
             ... on level 1 of the Dungeon.
             The game lasted 00:01:49 (89 turns).

Rizarjay the Chiller (Demigod Ice Elementalist)       Turns: 89, Time: 00:01:50

Health: 0/14       AC:  2    Str:  9    XL:     1   Next: 80%
Magic:  5/5        EV: 12    Int: 17    God:
Gold:   9          SH:  0    Dex: 14    Spells: 2/3 levels left

rFire   . . .      SeeInvis .   d - +0 hand axe
rCold   . . .      Faith    .   (no shield)
rNeg    . . .      Spirit   .   a - +0 robe
rPois   .          Reflect  .   (no helmet)
rElec   .          Harm     .   (no cloak)
rCorr   .          Rampage  .   (no gloves)
Will    .....                   (no boots)
Stlth   ++........              (no amulet)
HPRegen 0.04/turn               (no ring)
MPRegen 0.09/turn               (no ring)

@: no status effects
A: high MP 1, forlorn, divine attributes
a: no special abilities


You were on level 1 of the Dungeon.
You visited 1 branch of the dungeon, and saw 1 of its levels.

You collected 9 gold pieces.

Inventory:

Hand Weapons
 d - a +0 hand axe (weapon)
 e - a +0 dagger
 f - a +0 dagger
Missiles
 c - 3 poisoned darts (quivered)
Armour
 a - a +0 robe (worn)
Potions
 b - a potion of attraction {unknown}
 g - a potion of flight {unknown}


   Skills:
 + Level 1.7 Dodging
 + Level 1.7 Stealth
 + Level 1.7 Spellcasting
 + Level 4.0 Ice Magic


You had 2 spell levels left.
You knew the following spells:

 Your Spells              Type           Power      Damage    Failure   Level
a - Freeze                Ice            60%        1d8       3%          1

Your spell library contained the following spells:

 Spells                   Type           Power      Damage    Failure   Level
 Frozen Ramparts          Ice            30%        1d5       11%         3
 Ozocubu's Armour         Ice            15%        N/A       11%         3
 Hailstorm                Conj/Ice       8%         3d4       65%         4


Dungeon Overview and Level Annotations

Branches:
Dungeon (1/15)


Innate Abilities, Weirdness & Mutations

You have an increased reservoir of magic. (+10% MP)
You shall have no god before yourself.
Your divine heritage dramatically boosts your attributes as you level up.


Message History

The hobgoblin hits you.
You closely miss the hobgoblin.
A rat comes into view.
The hobgoblin closely misses you.
You completely miss the hobgoblin. The hobgoblin hits you.
The kobold barely misses you. The kobold barely misses you.
The endoplasm barely misses you.
You hit the endoplasm.
The endoplasm is moderately wounded.
The endoplasm barely misses you.
You hit the endoplasm.
The endoplasm is severely wounded.
You hit the kobold.
The kobold hits you with a +0 short sword.
The endoplasm barely misses you. The kobold completely misses you.
You hit the endoplasm.
You kill the endoplasm!
You barely miss the kobold.
The kobold hits you with a +0 short sword.
Your Ice Magic skill increases to level 4!
You hit the hobgoblin.
You kill the hobgoblin!
You hit the kobold but do no damage.
The kobold hits you with a +0 short sword.
* * * LOW HITPOINT WARNING * * *
The rat completely misses you.
You hit the rat.
The rat is moderately wounded.
You closely miss the kobold. The kobold closely misses you.
The rat barely misses you. The kobold barely misses you.
You barely miss the rat.
The rat is moderately wounded.
You hit the kobold but do no damage. The rat closely misses you.
The kobold closely misses you.
You hit the rat.
You kill the rat!
You hit the kobold but do no damage.
The kobold hits you with a +0 short sword.
You die...

########## .........#
########### ### ######.#.#
#.........# ..
.#####.#.####.#######.# .#
.................K.##.###.#####
..........##....@†.........[..#.
..####.##.#......#.....#..##....
. #.###>†..>...>#....†.......
#.# #.........##>.#........ #.#
#.#.....#.##..#........ ..#
#.........##..#.###.... ###
#.........##..#.# #.#.
#.#.....#.##..#.# ##
#.........##..#..


You could see a kobold.

Vanquished Creatures
  A bat (D:1)
  An endoplasm (D:1)
  2 goblins (D:1)
  2 hobgoblins (D:1)
  A rat (D:1)
7 creatures vanquished.

Notes
Turn   | Place    | Note
-------+----------+-------------------------------------------
     0 | D:1      | Rizarjay the Demigod Ice Elementalist began the quest for
                  | the Orb.
     0 | D:1      | Reached XP level 1. HP: 14/14 MP: 5/5
    86 | D:1      | Reached skill level 4 in Ice Magic
    89 | D:1      | Slain by a kobold

Illustrated notes

Levels and vault maps discovered:
D:1:      lemuel_arrival_broad_hall, layout_loops_ring,
          wad_floor_pattern_untrapped

Skill      XL: |  1 |
---------------+----+-----
Ice Magic      | 4 |  4.0
Dodging        | |  1.7
Stealth        | |  1.7
Spellcasting   | |  1.7

Action                   || total
-------------------------++-------
Melee: Hand axe          ||    18
Armor: Robe              ||     4
Dodge: Dodged            ||    19
